AoeStats
← KLOAKAN

Arabia

508469991Analyzed
1v1 RM · 10d ago on Sep 22, 2026· 34m 3s· 2 players
Game mode
Random Map
Map size
Tiny (2 player)
Population
200
Speed
Normal
Resources
Standard
Victory
Conquest
Starting age
Dark Age
Ending age
Imperial Age
RankedLock teamsTeams togetherTeam positionsShared explorationLock speedFull tech treeHidden civsTurbo modeCheats
Victory
Defeat
🇯🇵 Varangians · Japan
1314
+18
🇨🇿 Saxons · Czechia
1368
-18
harusame
5:26 Loom
7:04 Loom
9:06 Feudal Age
9:24 Man-at-Arms
15:26 Fletching
17:44 Padded Archer Armor
22:34 Wheelbarrow
22:01 Gold Mining
26:00 Castle Age
24:26 Scale Barding Armor
24:22 Double-Bit Axe
24:35 Horse Collar
25:34 Bloodlines
25:59 Forging
27:10 Husbandry
27:57 Heavy Plow
28:50 Town Watch
30:21 Chain Barding Armor
31:06 Chain Barding Armor
34:12 Iron Casting
KLOAKAN
8:11 Loom
10:51 Feudal Age
14:57 Fletching
17:35 Double-Bit Axe
20:11 Town Watch
24:00 Castle Age
23:19 Padded Archer Armor
25:07 Bodkin Arrow
25:10 Crossbowman
31:00 Wheelbarrow
33:08 Bow Saw
Connection lost

Rejoining the realm…

Still unreachable

The connection could not be restored.

Session expired

The server has moved on; the page needs a fresh start.